 Dungeon Crawl Stone Soup version 0.18-a0-1563-g3d1bdcc (webtiles) character file.

397 Lusmu the Chiller (level 6, -4/41 HPs)
             Began as a Merfolk Ice Elementalist on Mar 14, 2016.
             Slain by an orc
             ... wielding a +1 falchion of electrocution
              (11 damage)
             ... on level 4 of the Dungeon.
             The game lasted 00:22:02 (4289 turns).

Lusmu the Chiller (Merfolk Ice Elementalist)        Turns: 4289, Time: 00:22:02

Health: -4/41      AC:  8    Str: 10    XL:     6   Next: 83%
Magic:  12/18      EV: 13    Int: 15    God:
Gold:   186        SH:  0    Dex: 14    Spells: 3 memorised, 3 levels left

rFire  + . .     SeeInvis .     h - +0 spear
rCold  . . .     Gourm    .     a - +0 robe
rNeg   . . .     Faith    .     (no shield)
rPois  .         Spirit   .     (no helmet)
rElec  .         Dismiss  .     m - +0 cloak
rCorr  .         Reflect  .     (no gloves)
SustAt .         Harm     .     (no boots)
MR     .....                    (no amulet)
Stlth  ++........               q - ring of protection from fire
                                k - ring of magical power

@: icy armour, slow, not resistant to hostile enchantments, unstealthy
A: change form in water, swift swim
a: no special abilities


You were on level 4 of the Dungeon.
You were not hungry.

You visited 1 branch of the dungeon, and saw 4 of its levels.

You collected 186 gold pieces.

Inventory:

Hand Weapons
 h - a +0 spear (weapon)
Missiles
 u - 8 javelins (quivered)
 x - 14 poisoned needles
Armour
 a - a +0 robe (worn)
 m - a +0 cloak (worn)
Jewellery
 k - a ring of magical power (left hand)
 q - a ring of protection from fire (right hand)
Scrolls
 d - a scroll of immolation
 e - a scroll of magic mapping {unknown}
 l - a scroll of noise {unknown}
 n - a scroll of blinking
 p - 3 scrolls of remove curse
 s - a scroll of teleportation {unknown}
 v - a scroll of amnesia
Potions
 g - a potion of mutation {unknown}
 z - a potion of cure mutation {unknown}
Books
 b - a book of Frost

   Spells                             Type                      Level
   a - Freeze                         Ice                          1
   b - Throw Frost                    Conjuration/Ice              2
   c - Ozocubu's Armour               Charms/Ice                   3
   d - Throw Icicle                   Conjuration/Ice              4
   e - Summon Ice Beast               Ice/Summoning                4
Comestibles
 c - 2 bread rations
 i - 2 meat rations
 o - a slice of pizza


   Skills:
 + Level 4.8 Polearms
 - Level 2.6 Dodging
 - Level 3.0 Stealth
 - Level 2.0 Spellcasting
 - Level 0.7 Conjurations
 * Level 6.9 Ice Magic


You had 3 spell levels left.
You knew the following spells:

 Your Spells              Type           Power        Failure   Level  Hunger
a - Freeze                Ice            ###.         1%          1    #......
b - Throw Frost           Conj/Ice       ##....       10%         2    ###....
c - Ozocubu's Armour      Chrm/Ice       ##......     21%         3    ###....


Dungeon Overview and Level Annotations

Branches:
Dungeon (4/15)
 Temple: D:4-7

Altars:
Dithmenos
Gozag
Zin
The Shining One


Message History

The orc priest completely misses you.
Casting: Freeze
Confirm with . or Enter, or press ? or * to list all spells.
Aiming: Freeze
Press: ? - help, Shift-Dir - straight line, f/p - orc priest
Aim: an orc priest, wielding a short sword (severely wounded)
You freeze the orc priest.
You kill the orc priest!
The orc misses you.
Casting: Freeze
Confirm with . or Enter, or press ? or * to list all spells.
Aiming: Freeze
Press: ? - help, Shift-Dir - straight line, f - orc
Aim: an orc, wielding a falchion of electrocution and wearing a leather armour (lightly wounded)
You freeze the orc.
The orc is almost dead.
The orc hits you with a falchion of electrocution.
* * * LOW HITPOINT WARNING * * *
You are electrocuted!
You die...

.......##.##.#.##.##..#.######
.......##.##.#........#.o
.......##.##.####.....#o.o
.o........##......#####...o
o......######.....# .#...
.####### #....## .#.### .#
#....#
.############..o)######.#S
>...............@+........
#................########.
#................#
#................#
#................#
#............#####
#............#######
#.......)..........#
#..................#


You could see an orc.

Vanquished Creatures
  An ogre (D:4)
  2 hounds (D:3)
  An orc priest (D:4)
  An orc wizard (D:4)
  A worker ant (D:4)
  Robin (D:3)
  5 adders (D:3)
  A gnoll (D:3)
  2 oozes (D:1)
  2 worms
  2 dart slugs (D:3)
  4 giant geckos
  5 orcs
  A ball python (D:3)
  6 bats
  3 giant cockroaches
  11 goblins
  12 hobgoblins
  A jackal (D:4)
  3 giant newts
  9 kobolds
  8 rats
82 creatures vanquished.

Notes
Turn   | Place    | Note
--------------------------------------------------------------
     0 | D:1      | Lusmu the Merfolk Ice Elementalist began the quest for the Orb.
     0 | D:1      | Reached XP level 1. HP: 13/13 MP: 3/3
   250 | D:1      | Reached XP level 2. HP: 19/19 MP: 5/5
   874 | D:1      | Reached skill level 4 in Ice Magic
   874 | D:1      | Reached XP level 3. HP: 15/24 MP: 1/6
  1133 | D:2      | Found a faded altar to an unknown god.
  1228 | D:2      | Learned a level 2 spell: Throw Frost
  1232 | D:2      | Learned a level 3 spell: Ozocubu's Armour
  1303 | D:2      | Reached skill level 1 in Polearms
  1695 | D:3      | Reached XP level 4. HP: 25/30 MP: 7/7
  1728 | D:3      | Found an opulent altar of Gozag.
  1728 | D:3      | Found a glowing golden altar of the Shining One.
  1729 | D:3      | Found a shadowy altar of Dithmenos.
  2047 | D:3      | Noticed Robin
  2384 | D:3      | Reached skill level 5 in Ice Magic
  2936 | D:3      | Reached XP level 5. HP: 35/35 MP: 8/8
  3472 | D:3      | Killed Robin
  3472 | D:3      | Reached skill level 6 in Ice Magic
  3496 | D:3      | Reached XP level 6. HP: 30/41 MP: 9/9
  3814 | D:4      | Found a glowing silver altar of Zin.
  3875 | D:4      | HP: 1/41 [worker ant (7)]
  4289 | D:4      | Slain by an orc

Vault maps used:
D:1:      scummos_arrival_simple_fountains, serial_bayou_lagoon_a
D:2:      ecumenical_altar_1, first_bread
D:3:      gammafunk_temple_overflow_claw, cheibrodos_gnoll_hut, uniq_robin
D:4:      nicolae_overflow_crystal_walls, uniq_natasha

Skill      XL: |  1  2  3  4  5  6 |
---------------+-------------------+-----
Stealth        | 3 |  3.0
Ice Magic      | 4 5 6 |  6.9
Polearms       | 1 2 3 4 |  4.8
Dodging        | |  2.6
Spellcasting   | |  2.0
Conjurations   | |  0.7

Action                   |  1- 3 |  4- 6 || total
-------------------------+-------+-------++-------
Melee: Spear             |   104 |   203 ||   307
 Cast: Freeze            |    19 |    40 ||    59
       Throw Frost       |     5 |    13 ||    18
       Ozocubu's Armour  |       |     6 ||     6
  Use: Scroll            |       |     7 ||     7
       Potion            |       |     2 ||     2
 Stab: Sleeping          |     4 |     7 ||    11
  Eat: Chunk             |     3 |    11 ||    14
